[Event "Titled Tuesday Blitz May 9 Late 2023"]
[White "Abdrlauf, Elham"]
[Black "Piesik, Piotr"]
[WhiteFideId "1533533"]
[BlackFideId "1136194"]
[WhiteElo "2466"]
[BlackElo "2299"]
[Result "1-0"]
[Round "02"]
[TimeControl "180+2"]
[Date "2023.05.09"]
[WhiteClock "0:00:04"]
[BlackClock "0:00:10"]

1. e4 c6 2. d4 d5 3. Nc3 dxe4 4. Nxe4 Nd7 5. Nf3 Ngf6 6. Nxf6+ Nxf6 7. Be3 Bg4 8. Be2 e6 9. O-O Bd6 10. h3 Bxf3 11. Bxf3 O-O 12. c4 Qc7 13. Qe2 Rad8 14. Rfd1 Bf4 15. b4 Bxe3 16. Qxe3 Rd7 17. a4 Rfd8 18. b5 h6 19. bxc6 bxc6 20. Rab1 Rd6 21. a5 Qxa5 22. c5 Nd5 23. Qb3 R6d7 24. Ra1 Qc7 25. Rdb1 Nf4 26. Qa4 Rxd4 27. Qxc6 Qxc6 28. Bxc6 Rc8 29. Bf3 Rxc5 30. Rxa7 Rf5 31. Kh2 Rd2 32. Rb8+ Kh7 33. Be4 Rxf2 34. Bxf5+ exf5 35. Kg3 Rf1 36. Rxf7 Kg6 37. Rfb7 Ne2+ 38. Kh2 f4 39. Rg8 Ng3 40. Rbxg7+ Kf5 41. Rxg3 fxg3+ 42. Kxg3 Ra1 43. Kh4 Ra6 44. Kh5 Kf4 45. g3+ Kf3 46. h4 Rb6 47. Rg6 Rxg6 48. Kxg6 Kxg3 49. h5 Kf4 50. Kxh6 Kf5 51. Kg7 1-0


[Site "https://www.chess.com"]

[Event "Titled Tuesday Blitz May 9 Late 2023"]
[White "MKlose11"]
[Black "Pranav, V"]
[BlackFideId "25060783"]
[WhiteElo "2608"]
[BlackElo "2515"]
[Result "0-1"]
[Round "02"]
[TimeControl "180+2"]
[Date "2023.05.09"]
[WhiteClock "0:00:31"]
[BlackClock "0:01:45"]

1. e4 e5 2. Nf3 Nc6 3. d4 exd4 4. Bc4 Nf6 5. O-O Nxe4 6. Re1 d5 7. Bxd5 Qxd5 8. Nc3 Qa5 9. Nxe4 Be6 10. Neg5 O-O-O 11. Nxe6 fxe6 12. Rxe6 Bd6 13. Qe2 Qd5 14. Bg5 Rdf8 15. Qe4 Qb5 16. Bc1 a5 17. a4 Qh5 18. h3 Kd7 19. Bd2 Rxf3 20. gxf3 Qxh3 21. Rxd6+ cxd6 22. Re1 Rf8 23. Qg4+ Qxg4+ 24. fxg4 Ne5 25. Kg2 Nxg4 26. Re2 b6 27. Be1 Ne5 28. b3 d3 29. cxd3 Nxd3 30. Kg3 Re8 31. Rxe8 Kxe8 32. Bc3 g6 33. b4 axb4 34. Bd4 b3 0-1


[Site "https://www.chess.com"]

[Event "Titled Tuesday Blitz May 9 Late 2023"]
[White "Sargsyan, Shant"]
[Black "Wadsworth, Matthew J"]
[WhiteFideId "13306766"]
[BlackFideId "415804"]
[WhiteElo "2628"]
[BlackElo "2347"]
[Result "1-0"]
[Round "02"]
[TimeControl "180+2"]
[Date "2023.05.09"]
[WhiteClock "0:00:41"]
[BlackClock "0:00:00"]

1. g3 d5 2. Nf3 c6 3. Bg2 Nf6 4. c4 dxc4 5. O-O Nbd7 6. Qc2 Nb6 7. a4 a5 8. Na3 g6 9. Nxc4 Nxc4 10. Qxc4 Bg7 11. d3 O-O 12. Bd2 Be6 13. Qc1 Nd5 14. Bh6 Nb4 15. Bxg7 Kxg7 16. Qc3+ Kg8 17. h4 h6 18. Rfd1 Qd6 19. Nd2 Rad8 20. Ne4 Qd4 21. Nc5 Bc8 22. Nb3 Qb6 23. Qd2 Be6 24. Nc1 Kh7 25. Qc3 Rd6 26. h5 gxh5 27. Qe5 f5 28. d4 Nc2 29. Rb1 Na3 30. Ra1 Nc4 31. Qf4 Nxb2 32. Rb1 Rfd8 33. e3 Qb4 34. Bh3 Nxd1 35. Rxb4 axb4 36. Nd3 b3 37. Bxf5+ Bxf5 38. Qxf5+ Kg7 39. Qxh5 Nc3 40. Qe5+ Kf7 41. Qf5+ Kg7 42. Kg2 Rd5 43. Qg4+ Rg5 44. Qe6 Kf8 45. Qxb3 Nd5 46. Qxb7 1-0


[Site "https://www.chess.com"]

[Event "Titled Tuesday Blitz May 9 Late 2023"]
[White "Hjartarson, Johann"]
[Black "Terry, Renato"]
[WhiteFideId "2300044"]
[BlackFideId "3803457"]
[WhiteElo "2407"]
[BlackElo "2575"]
[Result "1/2-1/2"]
[Round "02"]
[TimeControl "180+2"]
[Date "2023.05.09"]
[WhiteClock "0:00:45"]
[BlackClock "0:00:40"]

1. e4 e6 2. d4 d5 3. e5 c5 4. c3 Qb6 5. Nf3 Bd7 6. Bd3 cxd4 7. Nxd4 Nc6 8. Nxc6 bxc6 9. O-O c5 10. c4 Ne7 11. Nc3 Bc6 12. Qe2 Rd8 13. b3 h6 14. f4 d4 15. Ne4 Nf5 16. Bd2 Be7 17. Rae1 h5 18. g3 Qa6 19. Bc1 Ba8 20. Rf2 Qc6 21. Bd2 Bb7 22. h3 Ra8 23. Rh2 a5 24. a4 Kd7 25. Qf2 Kc7 26. Ng5 Rhf8 27. Be4 Qb6 28. Qf3 Bxe4 29. Nxe4 g6 30. g4 Nh4 31. Qd3 Rab8 32. Rb1 Kb7 33. Be1 Rh8 34. Bxh4 Bxh4 35. g5 Rhd8 36. Re2 Ka7 37. Nd6 Rd7 38. Nb5+ Ka6 39. Rd1 Rbd8 40. Nd6 Rb8 41. Rb1 Rbd8 42. Rd1 Ka7 43. Qf3 Rb8 44. Nb5+ Ka6 45. Rd3 Rbd8 46. Qe4 Rb8 47. Kg2 Rbd8 48. Kf3 Rb8 49. Kg2 Rbd8 50. Kf3 Re7 51. Kg2 Rb8 52. Kf3 Rd7 53. Kg2 1/2-1/2


[Site "https://www.chess.com"]

[Event "Titled Tuesday Blitz May 9 Late 2023"]
[White "Matlakov, Maxim"]
[Black "Kourkoulos-Arditis, Stamatis"]
[WhiteFideId "4168003"]
[BlackFideId "4221990"]
[WhiteElo "2666"]
[BlackElo "2400"]
[Result "1-0"]
[Round "02"]
[TimeControl "180+2"]
[Date "2023.05.09"]
[WhiteClock "0:02:45"]
[BlackClock "0:00:21"]

1. e4 c5 2. Nf3 e6 3. c3 Nf6 4. Bd3 d5 5. e5 Nfd7 6. Bc2 Nc6 7. d4 Be7 8. O-O b6 9. Re1 a5 10. Nbd2 Ba6 11. Nf1 Qc7 12. Ng3 h5 13. h4 cxd4 14. cxd4 O-O-O 15. Bg5 f6 16. exf6 gxf6 17. Bd2 e5 18. Rc1 e4 19. Nxe4 dxe4 20. Bxe4 Nc5 21. Bxc6 Nd3 22. Bb7+ 1-0


[Site "https://www.chess.com"]

[Event "Titled Tuesday Blitz May 9 Late 2023"]
[White "Kim, Sergey"]
[Black "Sarana, Alexey"]
[WhiteFideId "13700570"]
[BlackFideId "24133795"]
[WhiteElo "2604"]
[BlackElo "2714"]
[Result "0-1"]
[Round "02"]
[TimeControl "180+2"]
[Date "2023.05.09"]
[WhiteClock "0:00:14"]
[BlackClock "0:00:21"]

1. d4 d5 2. c4 e6 3. Nc3 Nf6 4. Nf3 Nbd7 5. Bf4 Bb4 6. e3 c5 7. Bd3 dxc4 8. Bxc4 a6 9. a3 Ba5 10. O-O b5 11. Ba2 Bb7 12. Bd6 c4 13. Ne5 Bc7 14. Bxc7 Qxc7 15. f4 O-O 16. Bb1 Rad8 17. Qe1 Nd5 18. Qh4 f5 19. Qg3 Nxe5 20. fxe5 Nxc3 21. bxc3 Qa5 22. Rc1 Rf7 23. Bc2 Rdf8 24. Bd1 f4 25. exf4 Rxf4 26. Bg4 Bd5 27. h3 g6 28. Be2 Kg7 29. h4 Qd8 30. h5 R4f5 31. Rf1 Qe7 32. Rxf5 Rxf5 33. Qe3 gxh5 34. Rf1 Qg5 35. Qxg5+ Rxg5 36. Rf2 Rg3 37. Bf3 Bxf3 38. Rxf3 Rxf3 39. gxf3 a5 40. Kf2 h4 41. Kg2 b4 42. axb4 axb4 0-1


[Site "https://www.chess.com"]

[Event "Titled Tuesday Blitz May 9 Late 2023"]
[White "Tang, Andrew"]
[Black "Kleiman, Jake"]
[WhiteFideId "2059630"]
[BlackFideId "2020041"]
[WhiteElo "2596"]
[BlackElo "2600"]
[Result "1-0"]
[Round "02"]
[TimeControl "180+2"]
[Date "2023.05.09"]
[WhiteClock "0:00:51"]
[BlackClock "0:00:08"]

1. d4 Nf6 2. c4 e6 3. Nc3 Bb4 4. Qc2 O-O 5. Nf3 d5 6. Bg5 h6 7. Bxf6 Qxf6 8. a3 Bxc3+ 9. Qxc3 c6 10. h4 Nd7 11. g4 Qe7 12. g5 h5 13. g6 fxg6 14. Rg1 Rf6 15. Rg5 b6 16. Bh3 dxc4 17. Qxc4 Bb7 18. Ne5 Nf8 19. b4 Rc8 20. Rc1 Qd6 21. e3 Rc7 22. f4 c5 23. bxc5 bxc5 24. dxc5 Qe7 25. c6 Qxa3 26. Kf2 Ba6 27. Qc5 Qa2+ 28. Qc2 Qa3 29. Qc3 Qa2+ 30. Rc2 Qb1 31. Rb2 Qh1 32. Bg2 Qxh4+ 33. Kg1 Rf5 34. Nf3 Rxg5 35. Nxh4 Rg4 36. Nf3 Kh7 37. Kh2 Kg8 38. Ne5 1-0


[Site "https://www.chess.com"]

[Event "Titled Tuesday Blitz May 9 Late 2023"]
[White "Makarian, Rudik"]
[Black "Ismagilov, Damir"]
[WhiteFideId "44105681"]
[BlackFideId "34199982"]
[WhiteElo "2461"]
[BlackElo "2143"]
[Result "1-0"]
[Round "02"]
[TimeControl "180+2"]
[Date "2023.05.09"]
[WhiteClock "0:00:38"]
[BlackClock "0:00:00"]

1. d4 Nf6 2. c4 e6 3. Nf3 b6 4. g3 c6 5. Bg2 d5 6. O-O Be7 7. Nc3 O-O 8. Nd2 a5 9. Re1 Ba6 10. b3 b5 11. c5 b4 12. Na4 Nbd7 13. Bb2 Bb5 14. e4 Bxa4 15. bxa4 dxe4 16. Nxe4 Nxe4 17. Bxe4 Qc7 18. Qc2 Nf6 19. Bd3 h6 20. h4 Rad8 21. Bc4 Nd5 22. Re4 Bf6 23. Rae1 Qa7 24. Bb3 Rd7 25. Rg4 Rfd8 26. Bc1 h5 27. Rge4 Ne7 28. Qe2 Rxd4 29. Rxe6 fxe6 30. Bxe6+ Kf8 31. Qxh5 g6 32. Qh7 Bg7 33. Bh6 Ke8 34. Qxg7 1-0


[Site "https://www.chess.com"]

[Event "Titled Tuesday Blitz May 9 Late 2023"]
[White "ATM622"]
[Black "Kozak, Adam"]
[BlackFideId "753246"]
[WhiteElo "2581"]
[BlackElo "2469"]
[Result "0-1"]
[Round "02"]
[TimeControl "180+2"]
[Date "2023.05.09"]
[WhiteClock "0:00:03"]
[BlackClock "0:01:21"]

1. d4 Nf6 2. c4 e6 3. g3 c5 4. d5 exd5 5. cxd5 d6 6. Bg2 g6 7. Nf3 Bg7 8. O-O O-O 9. Nc3 Re8 10. Nd2 Nbd7 11. h3 a6 12. a4 Ne5 13. f4 Ned7 14. e4 Rb8 15. a5 Qc7 16. Nc4 b5 17. axb6 Nxb6 18. Na5 Bd7 19. Kh2 Na4 20. Nc6 Nxc3 21. bxc3 Rb6 22. e5 Nxd5 23. Bxd5 Bxc6 24. exd6 Qd7 25. Bxc6 Rxc6 26. Ba3 Rxd6 27. Qf3 Rd3 28. Rfd1 Rxf3 29. Rxd7 Re2+ 30. Kg1 Bxc3 31. Rc1 Bd4+ 32. Rxd4 Rxa3 33. Rd8+ Kg7 34. Kf1 Rh2 35. Kg1 Rxh3 36. Rxc5 Rhxg3+ 37. Kf2 Rh3 38. Kg2 Rhg3+ 39. Kh2 Rgf3 40. Rd4 Rf2+ 41. Kg1 Rb2 42. Rd1 Rg3+ 43. Kh1 Rgg2 44. Ra5 Ra2 45. Rc5 Rh2+ 46. Kg1 Rag2+ 47. Kf1 Rc2 48. Kg1 Rxc5 49. Kxh2 Rc7 50. Kg3 a5 51. Rd5 Ra7 52. Rd3 a4 53. Ra3 Kf6 54. Kf3 Kf5 55. Ke3 h5 56. Kf3 h4 0-1


[Site "https://www.chess.com"]

[Event "Titled Tuesday Blitz May 9 Late 2023"]
[White "Ibrahimli, Murad"]
[Black "Nikologorskiy, Konstantin"]
[WhiteFideId "13410229"]
[BlackFideId "24111708"]
[WhiteElo "2364"]
[BlackElo "2273"]
[Result "1-0"]
[Round "02"]
[TimeControl "180+2"]
[Date "2023.05.09"]
[WhiteClock "0:00:48"]
[BlackClock "0:00:00"]

1. e4 c5 2. Nf3 d6 3. Nc3 Nf6 4. e5 dxe5 5. Nxe5 e6 6. g3 Be7 7. Bg2 O-O 8. O-O Qc7 9. Re1 Nbd7 10. Nc4 Nb6 11. Ne3 Bd7 12. a4 Bc6 13. a5 Nbd5 14. Nexd5 Nxd5 15. Nxd5 Bxd5 16. Bxd5 exd5 17. d4 Bf6 18. dxc5 Qxc5 19. Be3 d4 20. Bf4 d3 21. c3 Rad8 22. Bd2 Qf5 23. Kg2 Rfe8 24. Qf3 Qb5 25. b4 b6 26. axb6 axb6 27. Rxe8+ Rxe8 28. Ra8 Rd8 29. Qe4 Qd7 30. c4 h5 31. c5 bxc5 32. bxc5 Rxa8 33. Qxa8+ Kh7 34. Qe4+ g6 35. c6 Qd6 36. Qc4 Qc7 37. Bf4 Be5 38. Bxe5 Qxe5 39. Qxd3 Qc7 40. Qd7 Qe5 41. Qxf7+ Kh6 42. Qf4+ Qxf4 43. gxf4 1-0


[Site "https://www.chess.com"]

[Event "Titled Tuesday Blitz May 9 Late 2023"]
[White "cryptoguru02"]
[Black "Kramnik, Vladimir"]
[BlackFideId "4101588"]
[WhiteElo "2581"]
[BlackElo "2703"]
[Result "0-1"]
[Round "02"]
[TimeControl "180+2"]
[Date "2023.05.09"]
[WhiteClock "0:00:28"]
[BlackClock "0:01:27"]

1. d4 Nf6 2. c4 e6 3. Nc3 d5 4. Nf3 c6 5. e3 Nbd7 6. Qc2 Bd6 7. b3 O-O 8. Be2 b6 9. O-O Bb7 10. Bb2 Rc8 11. Rad1 c5 12. cxd5 cxd4 13. Nxd4 Nxd5 14. Ndb5 Bb8 15. Qd2 Nxc3 16. Nxc3 Qh4 17. g3 Qh3 18. e4 Nf6 19. Qe3 Be5 20. f3 Bxg3 21. hxg3 Qxg3+ 22. Kh1 Ng4 23. Qg5 Qh2# 0-1


[Site "https://www.chess.com"]

[Event "Titled Tuesday Blitz May 9 Late 2023"]
[White "Zhigalko, Sergei"]
[Black "Janaszak, Dawid"]
[WhiteFideId "13502956"]
[BlackFideId "1119206"]
[WhiteElo "2626"]
[BlackElo "2220"]
[Result "1-0"]
[Round "02"]
[TimeControl "180+2"]
[Date "2023.05.09"]
[WhiteClock "0:00:04"]
[BlackClock "0:00:06"]

1. e4 c5 2. c3 e5 3. Nf3 Nc6 4. Bc4 Nf6 5. Ng5 d5 6. exd5 Na5 7. Bb5+ Bd7 8. Qa4 a6 9. Bxd7+ Nxd7 10. Ne6 fxe6 11. dxe6 Nc6 12. exd7+ Qxd7 13. O-O Be7 14. Rd1 O-O 15. d3 Rad8 16. Be3 Qf5 17. Na3 Kh8 18. Qe4 Qh5 19. h3 Rf6 20. Nc4 Rg6 21. a4 Rf8 22. a5 Rff6 23. Kh2 h6 24. Re1 Re6 25. f3 Bg5 26. Re2 Bh4 27. Bf2 Bxf2 28. Rxf2 Qg5 29. Kh1 Qe7 30. Re2 Qf7 31. Rae1 Rg5 32. f4 Rf5 33. fxe5 Rf4 34. Qe3 g5 35. Qxc5 g4 36. Qe3 gxh3 37. Qxh3 Rf5 38. Kg1 Rh5 39. Qg4 Rg5 40. Qh4 Rh5 41. Qe4 Rg5 42. d4 Reg6 43. Nd6 Qg8 44. e6 Ne7 45. Nf7+ Kg7 46. Nxg5 Rxg5 47. Rf1 Kh8 48. Rf7 Rg4 49. Qe5+ Rg7 50. Rxe7 1-0


[Site "https://www.chess.com"]

[Event "Titled Tuesday Blitz May 9 Late 2023"]
[White "Ibadov, Dashgyn"]
[Black "Yoo, Christopher Woojin"]
[WhiteFideId "24107514"]
[BlackFideId "30909694"]
[WhiteElo "2208"]
[BlackElo "2519"]
[Result "1/2-1/2"]
[Round "02"]
[TimeControl "180+2"]
[Date "2023.05.09"]
[WhiteClock "0:00:09"]
[BlackClock "0:00:02"]

1. e4 c6 2. d4 d5 3. exd5 cxd5 4. Bd3 Nc6 5. c3 Qc7 6. h3 g6 7. Nf3 Bg7 8. O-O Nf6 9. Be3 Bf5 10. Be2 O-O 11. Nbd2 a6 12. Re1 b5 13. Qc1 Rfc8 14. Nb3 Ne4 15. Bf4 Qb6 16. g4 Bd7 17. Bh6 b4 18. Bxg7 Kxg7 19. Bd3 bxc3 20. bxc3 Na5 21. Bxe4 Nxb3 22. axb3 dxe4 23. Ne5 Be6 24. Rxe4 Qxb3 25. Re3 Qd5 26. Qa3 Rab8 27. Qxe7 Rb3 28. Nd3 Rbxc3 29. Nf4 Rc1+ 30. Re1 Rxa1 31. Rxa1 Qe4 32. Nxe6+ Qxe6 33. Qxe6 fxe6 34. Rxa6 Rd8 35. Rxe6 Rxd4 36. Re7+ Kh6 37. Kg2 g5 38. Kg3 Kg6 39. Re6+ Kf7 40. Re5 Kf6 41. Rf5+ Kg6 42. h4 Rd3+ 43. f3 gxh4+ 44. Kxh4 h5 45. Rg5+ Kf6 46. Kxh5 Rxf3 47. Rg6+ Kf7 48. Ra6 Rb3 49. Kg5 Kg7 50. Ra7+ Kg8 51. Kh6 Rb6+ 1/2-1/2


[Site "https://www.chess.com"]

[Event "Titled Tuesday Blitz May 9 Late 2023"]
[White "Tari, Aryan"]
[Black "Mortazavi, Ali"]
[WhiteFideId "1510045"]
[BlackFideId "401323"]
[WhiteElo "2571"]
[BlackElo "2339"]
[Result "1-0"]
[Round "02"]
[TimeControl "180+2"]
[Date "2023.05.09"]
[WhiteClock "0:00:48"]
[BlackClock "0:00:14"]

1. e4 c6 2. d4 d5 3. exd5 cxd5 4. Bd3 Nc6 5. c3 Qc7 6. h3 g6 7. Nf3 Bf5 8. Be2 Nf6 9. O-O Bg7 10. Re1 O-O 11. Bf1 Ne4 12. Na3 Rad8 13. Nc2 a6 14. Ne3 Nf6 15. Nxf5 gxf5 16. Ne5 e6 17. Bf4 Nxe5 18. Bxe5 Qb6 19. Qb3 Qc6 20. a4 Ne4 21. Bf4 Kh8 22. f3 Nf6 23. g4 fxg4 24. hxg4 Rg8 25. Bd3 Nd7 26. Kg2 Bf6 27. Bxh7 Rg7 28. Bd3 Kg8 29. Bh6 e5 30. Bxg7 Bxg7 31. Bf5 exd4 32. cxd4 Bxd4 33. Rad1 Qf6 34. Bxd7 Rxd7 35. Re8+ Kg7 36. Qb4 Rd6 37. Qxd4 1-0


[Site "https://www.chess.com"]

[Event "Titled Tuesday Blitz May 9 Late 2023"]
[White "Taboas Rodriguez, Daniel"]
[Black "Livaic, Leon"]
[WhiteFideId "2208466"]
[BlackFideId "14531534"]
[WhiteElo "2365"]
[BlackElo "2522"]
[Result "1/2-1/2"]
[Round "02"]
[TimeControl "180+2"]
[Date "2023.05.09"]
[WhiteClock "0:00:48"]
[BlackClock "0:00:03"]

1. d4 f5 2. Bg5 h6 3. Bh4 g5 4. Bg3 Nf6 5. e3 d6 6. h4 g4 7. Ne2 Be6 8. Nf4 Bf7 9. c4 Nc6 10. d5 Ne5 11. Bd3 Nxd3+ 12. Qxd3 Qd7 13. Nc3 Bg7 14. O-O-O c5 15. Rhe1 b5 16. Nxb5 a6 17. Nc3 Rb8 18. b3 O-O 19. e4 Nxe4 20. Nxe4 fxe4 21. Qxe4 a5 22. Qxe7 Qf5 23. Qe4 Qf6 24. Qc2 a4 25. Ne6 axb3 26. axb3 Bg6 27. Rd3 Bxd3 28. Qxd3 Qb2+ 29. Kd1 Rxb3 30. Qg6 Ra8 31. Qxg7+ Qxg7 32. Nxg7 Ra2 33. Kc1 Kxg7 34. Bxd6 Rc3+ 35. Kb1 Rcc2 36. Bxc5 Rab2+ 37. Ka1 Ra2+ 38. Kb1 Rcb2+ 39. Kc1 Rc2+ 40. Kb1 1/2-1/2


[Site "https://www.chess.com"]

[Event "Titled Tuesday Blitz May 9 Late 2023"]
[White "Ibarra Jerez, Jose Carlos"]
[Black "Vlassov, Nikolai"]
[WhiteFideId "2226332"]
[BlackFideId "4103360"]
[WhiteElo "2638"]
[BlackElo "2324"]
[Result "1-0"]
[Round "02"]
[TimeControl "180+2"]
[Date "2023.05.09"]
[WhiteClock "0:00:13"]
[BlackClock "0:00:00"]

1. e4 c5 2. Nf3 d6 3. c3 Nf6 4. h3 g6 5. Bd3 Bg7 6. Bc2 O-O 7. O-O e5 8. d4 Nc6 9. d5 Ne7 10. c4 Nh5 11. Nc3 Nf4 12. Bxf4 exf4 13. Re1 h6 14. e5 dxe5 15. Nxe5 Nf5 16. Nd3 Qa5 17. Nxf4 Bxc3 18. bxc3 Qxc3 19. Bxf5 Bxf5 20. Rc1 Qf6 21. Qf3 Bd7 22. Qg3 Rfe8 23. Nd3 b6 24. Ne5 Bf5 25. Re3 Re7 26. Rce1 Rae8 27. Qf4 Qg5 28. Qxg5 hxg5 29. g4 Bc2 30. d6 Re6 31. Nxg6 Rxe3 32. Rxe3 Rd8 33. Ne7+ Kf8 34. Re2 Rxd6 35. Nc8 Rd1+ 36. Kh2 Bd3 37. Rb2 Bxc4 38. Nxa7 Bd5 39. f3 Bxf3 40. Rxb6 c4 41. Rb8+ Kg7 42. Rc8 Bd5 43. Nb5 Rd2+ 44. Kg3 Rxa2 45. h4 1-0


[Site "https://www.chess.com"]

[Event "Titled Tuesday Blitz May 9 Late 2023"]
[White "Martinez Reyes, Pedro Ramon"]
[Black "Dardha, Daniel"]
[WhiteFideId "3901807"]
[BlackFideId "240990"]
[WhiteElo "2340"]
[BlackElo "2581"]
[Result "1-0"]
[Round "02"]
[TimeControl "180+2"]
[Date "2023.05.09"]
[WhiteClock "0:00:11"]
[BlackClock "0:00:08"]

1. d4 d5 2. c4 e5 3. dxe5 d4 4. Nf3 Nc6 5. a3 Nge7 6. g3 Ng6 7. Bg5 Be7 8. Bxe7 Qxe7 9. Nxd4 Ngxe5 10. Bg2 Bg4 11. Nxc6 bxc6 12. O-O Rd8 13. Qc2 O-O 14. h3 Bh5 15. Nc3 Nxc4 16. Ne4 Ne5 17. f4 f5 18. Qc5 Ng6 19. Qxe7 Nxe7 20. Nc5 Rd2 21. b4 Rfd8 22. e4 fxe4 23. Bxe4 Nd5 24. Rf2 Nc3 25. Rxd2 Rxd2 26. Bd3 Ne2+ 27. Kf2 Nc3+ 28. Kg1 Bf3 29. Re1 Bd5 30. Re7 Na4 31. Be4 Nxc5 32. bxc5 Kf8 33. Re5 Rd4 34. Bxh7 Rc4 35. Bg6 Bf7 36. Rf5 Rc3 37. Rxf7+ Ke8 38. Rxc7+ Kd8 39. Rxc6 Rxa3 40. Rd6+ Kc7 41. Kf2 a5 42. Bd3 a4 43. Ke3 Rc3 44. Kd4 Ra3 45. Rg6 Ra1 46. Rxg7+ Kc6 47. Ra7 a3 48. Ra6+ Kb7 49. Ra4 Kc6 50. g4 a2 51. f5 Rh1 52. Rxa2 Rxh3 53. Ra6+ Kb7 54. Rg6 Rg3 55. f6 Kc7 56. f7 Rf3 57. Bf5 Rf4+ 58. Ke5 Rf1 59. f8=Q Re1+ 60. Kf4 Rf1+ 61. Kg5 Rd1 62. Qf7+ 1-0


[Site "https://www.chess.com"]

[Event "Titled Tuesday Blitz May 9 Late 2023"]
[White "Bachmann, Axel"]
[Black "Paszewski, Mateusz"]
[WhiteFideId "3700488"]
[BlackFideId "1141058"]
[WhiteElo "2605"]
[BlackElo "2223"]
[Result "1-0"]
[Round "02"]
[TimeControl "180+2"]
[Date "2023.05.09"]
[WhiteClock "0:00:24"]
[BlackClock "0:00:00"]

1. Nf3 d5 2. e3 Nf6 3. c4 c6 4. Nc3 e6 5. b3 Bd6 6. Bb2 O-O 7. Be2 b6 8. Rg1 Bb7 9. g4 Na6 10. g5 Nd7 11. h4 Qe7 12. h5 Ba3 13. Bxa3 Qxa3 14. cxd5 cxd5 15. Nd4 Qe7 16. a3 Nac5 17. d3 Rac8 18. b4 Ne4 19. Ncb5 Nxg5 20. Nxa7 Ra8 21. Nab5 Rfc8 22. Bg4 f5 23. f4 Nf7 24. Bf3 Qh4+ 25. Kf1 Qf6 26. Ra2 e5 27. fxe5 Nfxe5 28. Rag2 f4 29. Rxg7+ Kh8 30. e4 dxe4 31. Bxe4 Bxe4 32. dxe4 f3 33. Nf5 Qe6 34. Nbd6 Nc4 35. Nf7+ 1-0


[Site "https://www.chess.com"]

[Event "Titled Tuesday Blitz May 9 Late 2023"]
[White "Bayo Milagro, Alvaro"]
[Black "Pichot, Alan"]
[WhiteFideId "22275240"]
[BlackFideId "110973"]
[WhiteElo "2270"]
[BlackElo "2573"]
[Result "0-1"]
[Round "02"]
[TimeControl "180+2"]
[Date "2023.05.09"]
[WhiteClock "0:00:02"]
[BlackClock "0:00:40"]

1. Nf3 Nf6 2. g3 d5 3. Bg2 c6 4. O-O Bg4 5. d3 e6 6. c4 Nbd7 7. Nc3 Be7 8. b3 O-O 9. Bb2 Bd6 10. Rc1 Qe7 11. h3 Bxf3 12. Bxf3 Ba3 13. Qd2 Rfd8 14. Bg2 Rac8 15. d4 dxc4 16. bxc4 Nb6 17. Bxa3 Qxa3 18. c5 Nc4 19. Qd3 Ne5 20. Qe3 Ng6 21. Ne4 Qxe3 22. Nxf6+ gxf6 23. fxe3 Kg7 24. Rb1 Rc7 25. g4 e5 26. Rfd1 Rcd7 27. Be4 exd4 28. exd4 Nf4 29. e3 Ne2+ 30. Kf2 Nc3 31. Bf5 Nxd1+ 32. Rxd1 Re7 33. e4 b6 34. cxb6 axb6 35. d5 Ra7 36. Rd2 Rd6 37. Ke3 Ra5 38. dxc6 Ra3+ 39. Ke2 Rxc6 40. Rd7 Rc2+ 41. Kd1 0-1


[Site "https://www.chess.com"]

[Event "Titled Tuesday Blitz May 9 Late 2023"]
[White "tufferguy"]
[Black "Grigoriants, Sergey"]
[BlackFideId "4130804"]
[WhiteElo "2561"]
[BlackElo "2502"]
[Result "1-0"]
[Round "02"]
[TimeControl "180+2"]
[Date "2023.05.09"]
[WhiteClock "0:01:08"]
[BlackClock "0:00:04"]

1. d4 Nf6 2. Nc3 d5 3. Bf4 e6 4. Nb5 Bb4+ 5. c3 Ba5 6. a4 a6 7. b4 Bxb4 8. Nxc7+ Qxc7 9. Bxc7 Bxc3+ 10. Qd2 Bxd2+ 11. Kxd2 Nc6 12. e3 Kd7 13. Bb6 Ne4+ 14. Ke1 Ke7 15. f3 Nd6 16. Bc5 Rd8 17. Bd3 f5 18. g4 Kf6 19. Ne2 g6 20. h4 e5 21. dxe5+ Kxe5 22. g5 Nf7 23. Rb1 Rb8 24. Nd4 Nxd4 25. exd4+ Ke6 26. Rb6+ Kd7 27. Rf6 Ke8 28. Kf2 1-0


[Site "https://www.chess.com"]

[Event "Titled Tuesday Blitz May 9 Late 2023"]
[White "Erzhanov, Arman"]
[Black "Xiong, Jeffery"]
[WhiteFideId "4138821"]
[BlackFideId "2047640"]
[WhiteElo "2138"]
[BlackElo "2726"]
[Result "0-1"]
[Round "02"]
[TimeControl "180+2"]
[Date "2023.05.09"]
[WhiteClock "0:00:22"]
[BlackClock "0:01:51"]

1. e4 e6 2. b3 c5 3. Nf3 Nf6 4. e5 Nd5 5. Bb2 Nc6 6. g3 Be7 7. Bg2 O-O 8. O-O d6 9. c4 Ndb4 10. exd6 Qxd6 11. d4 cxd4 12. Nxd4 Nxd4 13. Bxd4 Nc2 14. Qxc2 Qxd4 15. Nc3 a6 16. Rad1 Qc5 17. Ne4 Qc7 18. c5 Bd7 19. Nd6 Rab8 20. b4 b6 21. Rd2 Bc6 22. Bxc6 Qxc6 23. Rc1 Rfd8 24. Rcd1 bxc5 25. bxc5 h6 26. Qc4 Bxd6 27. Rxd6 Rxd6 28. Rxd6 Rb1+ 0-1


[Site "https://www.chess.com"]

[Event "Titled Tuesday Blitz May 9 Late 2023"]
[White "Salinas Herrera, Pablo"]
[Black "Suder, Jakub"]
[WhiteFideId "3407128"]
[BlackFideId "1195310"]
[WhiteElo "2546"]
[BlackElo "2287"]
[Result "1-0"]
[Round "02"]
[TimeControl "180+2"]
[Date "2023.05.09"]
[WhiteClock "0:02:03"]
[BlackClock "0:01:34"]

1. e4 c5 2. Nf3 e6 3. g3 Nc6 4. Bg2 Nf6 5. Nc3 d5 6. exd5 exd5 7. d4 Bg4 8. dxc5 d4 9. Ne2 Bxc5 10. O-O O-O 11. a3 a5 12. h3 Bh5 13. Nf4 Bg6 14. Nxg6 hxg6 15. Qd3 Re8 16. Bg5 Qd7 17. Rad1 Rad8 18. Qb5 b6 19. Nd2 Ne5 20. Qxd7 Rxd7 21. Nb3 a4 22. Nxc5 bxc5 23. f4 Nc4 24. Bc6 Ne3 25. Bxf6 1-0


[Site "https://www.chess.com"]

[Event "Titled Tuesday Blitz May 9 Late 2023"]
[White "Mekhitarian, Krikor Sevag"]
[Black "Richter, Paul"]
[WhiteFideId "2107660"]
[BlackFideId "2046350"]
[WhiteElo "2604"]
[BlackElo "2550"]
[Result "1/2-1/2"]
[Round "02"]
[TimeControl "180+2"]
[Date "2023.05.09"]
[WhiteClock "0:00:11"]
[BlackClock "0:00:16"]

1. Nf3 Nf6 2. c4 g6 3. Nc3 Bg7 4. e4 d6 5. d4 O-O 6. h3 Nbd7 7. Be3 e5 8. d5 h5 9. Be2 Nc5 10. Nd2 a5 11. g4 hxg4 12. hxg4 Nh7 13. O-O Bf6 14. Bf3 Bg5 15. Qe2 Bxe3 16. Qxe3 Qh4 17. Kg2 Bxg4 18. Rh1 Bxf3+ 19. Nxf3 Qg4+ 20. Kf1 Qf4 21. Ke2 Qxe3+ 22. Kxe3 Kg7 23. Rag1 Rh8 24. Nb5 Na6 25. Nh4 Kf6 26. Nf3 Rag8 27. a3 Nf8 28. b4 axb4 29. axb4 Nd7 30. Nd2 Ke7 31. Rb1 Kd8 32. c5 dxc5 33. bxc5 Rxh1 34. Rxh1 Naxc5 35. Nc4 b6 36. d6 cxd6 37. Nbxd6 Ke7 38. Rh7 Rf8 39. Nb5 Ke6 40. Nc7+ Ke7 41. Nd5+ Ke6 42. Nc7+ Ke7 43. Nd5+ Ke6 44. Nc7+ 1/2-1/2


[Site "https://www.chess.com"]

[Event "Titled Tuesday Blitz May 9 Late 2023"]
[White "Danielyan, Vahe"]
[Black "Ohanyan, Emin"]
[WhiteFideId "13304828"]
[BlackFideId "13312022"]
[WhiteElo "2423"]
[BlackElo "2411"]
[Result "0-1"]
[Round "02"]
[TimeControl "180+2"]
[Date "2023.05.09"]
[WhiteClock "0:00:21"]
[BlackClock "0:00:05"]

1. e4 e5 2. Nf3 Nc6 3. d4 exd4 4. Bc4 Nf6 5. O-O Nxe4 6. Re1 d5 7. Bxd5 Qxd5 8. Nc3 Qa5 9. Nxe4 Be6 10. Neg5 O-O-O 11. Nxe6 fxe6 12. Rxe6 Be7 13. Bd2 Qf5 14. Qe2 Bf6 15. Re4 a6 16. Re1 Qb5 17. Qxb5 axb5 18. Ng5 Rd7 19. Ne6 b6 20. f4 d3 21. c3 Kb7 22. Kf2 Ra8 23. a3 Na5 24. Nd4 Nc4 25. Nf3 Nxb2 26. Ne5 Bxe5 27. fxe5 Nc4 28. e6 Rd5 29. Bf4 g5 30. Be3 Nd6 31. Rd4 Rf5+ 32. Kg1 Re5 33. Bd2 Rxe1+ 34. Bxe1 Re8 35. Rxd3 Rxe6 36. Bg3 Ne4 37. Be1 Nc5 38. Rd1 Re2 39. Kf1 Ra2 40. Rd5 h6 41. h4 gxh4 42. Rd4 Rxa3 43. Rxh4 Ra1 44. Rxh6 Nd3 45. Re6 Rc1 46. g4 Nxe1 47. Rxe1 Rxc3 48. Kf2 b4 49. g5 Rc6 50. Kf3 Rg6 51. Kf4 Ka6 52. Re8 c5 53. Kf5 Rg7 54. Kf6 Rc7 55. g6 Kb5 56. Re7 Rc6+ 57. Re6 Rc8 58. g7 Rg8 59. Re3 c4 60. Re5+ Ka4 61. Re6 b5 62. Ra6+ Kb3 63. Kf7 Rxg7+ 64. Kxg7 c3 65. Kf6 c2 66. Rc6 Kb2 67. Ke5 c1=Q 0-1


[Site "https://www.chess.com"]